 Dungeon Crawl Stone Soup version 0.24-a0-789-g35933f4585 (webtiles) character file.

Game seed: 9981407108909683283, levelgen mode: deterministic

155 Gumption the Firebug (level 5, 0/38 HPs)
             Began as a Draconian Fire Elementalist on Oct 10, 2019.
             Slain by a hippogriff (3 damage)
             ... on level 3 of the Dungeon.
             The game lasted 00:20:10 (3022 turns).

Gumption the Firebug (Draconian Fire Elementalist)  Turns: 3022, Time: 00:20:11

Health: 0/38       AC:  6    Str: 10    XL:     5   Next: 14%
Magic:  3/9        EV: 12    Int: 17    God:
Gold:   142        SH:  0    Dex: 11    Spells: 1/9 levels left

rFire    . . .     SeeInvis .   a - +0 trident
rCold    . . .     Gourm    .   (no shield)
rNeg     . . .     Faith    .   (armour unavailable)
rPois    .         Spirit   .   (helmet restricted)
rElec    .         Reflect  .   (no cloak)
rCorr    .         Harm     .   (no gloves)
MR       .....                  (no boots)
Stlth    ++........             (no amulet)
HPRegen  0.12/turn              s - +1 ring of protection
MPRegen  0.11/turn              (no ring)

@: no status effects
A: unfitting armour, cold-blooded, AC +5
a: no special abilities


You were on level 3 of the Dungeon.
You were not hungry.

You visited 1 branch of the dungeon, and saw 3 of its levels.

You collected 142 gold pieces.

Inventory:

Hand Weapons
 a - a +0 trident (weapon)
 l - a +2 spear of venom
 m - a +0 dagger
Missiles
 d - 77 stones
 g - 20 sling bullets
 i - 19 poisoned darts (quivered)
Jewellery
 p - a +4 ring of strength {unknown}
 s - a +1 ring of protection (left hand)
Wands
 f - a wand of flame (9)
 r - a wand of digging (4)
 u - a wand of paralysis (11)
Scrolls
 h - 4 scrolls of identify {unknown}
 k - a scroll of teleportation {unknown}
Potions
 b - a potion of might {unknown}
 c - 2 potions of lignification {unknown}
 j - a potion of invisibility {unknown}
 n - a potion of heal wounds {unknown}
 o - a potion of curing {unknown}
 q - 2 potions of cancellation {unknown}
 t - a potion of brilliance {unknown}
Comestibles
 e - 4 rations


   Skills:
 - Level 1.7 Dodging
 - Level 1.7 Stealth
 + Level 2.8 Spellcasting
 * Level 3.1 Conjurations
 * Level 4.4 Fire Magic


You had one spell level left.
You knew the following spells:

 Your Spells              Type           Power        Failure   Level  Hunger
a - Flame Tongue          Conj/Fire      ###..        3%          1    #......
b - Conjure Flame         Conj/Fire      ###.....     12%         3    ###....
c - Sticky Flame          Conj/Fire      ###.....     36%         4    #####..

Your spell library contained the following spells:

 Spells                   Type           Power        Failure   Level  Hunger
 Throw Flame              Conj/Fire      ###...       6%          2    ##.....
 Inner Flame              Hex/Fire       #.......     22%         3    ###....
 Fireball                 Conj/Fire      ###.......   71%         5    ######.


Dungeon Overview and Level Annotations

Branches:
Dungeon (3/15)

Altars:


Innate Abilities, Weirdness & Mutations

Your plain brown scales are hard. (AC +5)
You cannot fit into any form of body armour.
You are cold-blooded and may be slowed by cold attacks.


Message History

Aiming: Flame Tongue (safe; 3% risk of failure)
Press: ? - help, Shift-Dir - straight line, f/p - hippogriff
Aim: a hippogriff (moderately wounded)
The flame tongue hits the hippogriff!
The hippogriff is heavily wounded.
The hippogriff bites you!
* * * LOW HITPOINT WARNING * * *
The hippogriff misses you. The hippogriff claws you.
* * * LOW HITPOINT WARNING * * *
Casting: Flame Tongue (safe; 3% risk of failure)
Confirm with . or Enter, or press ? or * to list all spells.
Aiming: Flame Tongue (safe; 3% risk of failure)
Press: ? - help, Shift-Dir - straight line, f/p - hippogriff
Aim: a hippogriff (heavily wounded)
The flame tongue hits the hippogriff but does no damage.
The hippogriff is heavily wounded.
The hippogriff bites you.
* * * LOW HITPOINT WARNING * * *
The hippogriff pecks you.
You die...

#######
#.....#
##.....#
g.....#
#%....#
#<.g..#
###.###
#.#####.##
#....@H..#
#######..#
#..# #..#
#H.# #..#
.... #...


You could see a hippogriff.

Vanquished Creatures
  Natasha (thrice) (D:2)
  An adder (D:2)
  2 gnolls
  A dart slug (D:2)
  An orc (D:2)
  5 giant cockroaches
  9 goblins
  8 hobgoblins
  8 kobolds
  A quokka (D:2)
  6 bats
  5 frilled lizards
  3 rats (D:1)
53 creatures vanquished.

Notes
Turn   | Place    | Note
-------+----------+-------------------------------------------
     0 | D:1      | Gumption the Draconian Fire Elementalist began the quest
                  | for the Orb.
     0 | D:1      | Reached XP level 1. HP: 14/14 MP: 3/3
   477 | D:1      | Reached XP level 2. HP: 20/20 MP: 1/5
  1159 | D:2      | Reached XP level 3. HP: 26/26 MP: 2/6
  1232 | D:2      | Learned a level 3 spell: Conjure Flame
  2044 | D:2      | Noticed Natasha
  2053 | D:2      | Killed Natasha
  2053 | D:2      | Reached skill level 4 in Fire Magic
  2053 | D:2      | Reached XP level 4. HP: 17/33 MP: 3/7
  2059 | D:2      | Learned a level 4 spell: Sticky Flame
  2268 | D:2      | Noticed Natasha
  2275 | D:2      | Killed Natasha
  2631 | D:2      | Noticed Natasha
  2635 | D:2      | Killed Natasha
  2950 | D:2      | Reached XP level 5. HP: 38/38 MP: 5/9
  3011 | D:3      | Noticed a hippogriff
  3022 | D:3      | Slain by a hippogriff

Levels and vault maps discovered:
D:1:      dpeg_arrival_simpleton_b, layout_basic
D:2:      layout_rooms, uniq_natasha
D:3:      layout_loops_ring, lemuel_doored_altar

Skill      XL: |  1  2  3  4 |
---------------+-------------+-----
Conjurations   | 2 3 |  3.1
Fire Magic     | 4 |  4.4
Dodging        | |  1.7
Stealth        | |  1.7
Spellcasting   | |  2.8

Action                   |  1- 3 |  4- 6 || total
-------------------------+-------+-------++-------
Melee: Dagger            |     8 |       ||     8
Throw: Stone             |    41 |       ||    41
       Dart              |    58 |     5 ||    63
 Cast: Flame Tongue      |    66 |    15 ||    81
  Eat: Chunk             |     4 |     3 ||     7
Armor: Skin              |     8 |     1 ||     9
Dodge: Dodged            |    21 |     4 ||    25

Table legend:
 A = Non-vault XP
 B = Vault XP
 C = Vault XP percentage of total XP
 D = Non-vault monster count
 E = Vault monster count
 F = Vault count percentage of total count
                 A         B        C        D         E       F
            +---------+---------+-------+---------+---------+-------
      Total |     186 |      36 |  16.2 |      52 |       1 |   1.9
            +---------+---------+-------+---------+---------+-------
        D:1 |      33 |       0 |   0.0 |      24 |       0 |   0.0
        D:2 |     139 |      36 |  20.6 |      27 |       1 |   3.6
        D:3 |      14 |       0 |   0.0 |       1 |       0 |   0.0
            +---------+---------+-------+---------+---------+-------
